 Dungeon Crawl Stone Soup version 0.23.1 (webtiles) character file.

Game seed: 10445775495506347973

0 glosham the Skirmisher (level 1, -14/18 HPs)
             Began as a Mummy Abyssal Knight on Mar 12, 2019.
             Was a Follower of Lugonu.
             Killed from afar by a wretched star (25 damage)
             ... with an orb of energy
             ... on level 1 of the Abyss.
             The game lasted 00:01:10 (62 turns).

glosham the Skirmisher (Mummy Abyssal Knight)         Turns: 62, Time: 00:01:11

Health: -14/18     AC:  3    Str: 15      XL:     1   Next: 0%
Magic:  2/2        EV: 11    Int: 11      God:    Lugonu [*.....]
Gold:   0          SH:  0    Dex: 10 (11) Spells: 0/0 levels left

rFire    x . .     SeeInvis .   a - +1 hand axe
rCold    + . .     Gourm    .   (no shield)
rNeg     + + +     Faith    .   b - +0 leather armour
rPois    ∞         Spirit   .   (no helmet)
rElec    .         Reflect  .   (no cloak)
rCorr    .         Harm     .   (no gloves)
MR       .....                  (no boots)
Stlth    +.........             (no amulet)
HPRegen  0.06/turn              (no ring)
MPRegen  0.08/turn              (no ring)

@: no status effects
A: no food or potions, fire vulnerability, cold resistance 1, negative energy
resistance 3, torment resistance, unbreathing
a: Depart the Abyss, Renounce Religion


You were on level 1 of the Abyss.
You worshipped Lugonu.
Lugonu was aware of your devotion.
You were not hungry.

You visited 0 branches of the dungeon, and saw 0 of its levels.
You visited the Abyss 1 time.

Inventory:

Hand Weapons
 a - a +1 hand axe (weapon)
Missiles
 c - 18 sling bullets
Armour
 b - a +0 leather armour (worn)


   Skills:
 * Level 3.0 Fighting
 - Level 1.5 Axes
 - Level 1.5 Armour
 - Level 0.7 Dodging
 - Level 1.5 Invocations


You couldn't memorise any spells.
You didn't know any spells.
Your spell library was empty.

Dungeon Overview and Level Annotations

Branches:
Dungeon (0/15)

Altars:


Innate Abilities, Weirdness & Mutations

You do not eat or drink.
Your flesh is vulnerable to fire.
You are immune to poison.
Your flesh is cold resistant. (rC+)
You are immune to negative energy. (rN+++)
You are immune to unholy pain and torment.
You can survive without breathing.


Message History

Welcome, glosham the Mummy Abyssal Knight.
It is said that the Orb of Zot exists deep within this dungeon.
Lugonu says: Depart the Abyss and spread corruption, my servant! (use the ability menu to exit the Abyss) Press ? for a list of commands and other information.
Found 18 sling bullets.
Found a corrupted altar of Lugonu.
You see here 18 sling bullets.
c - 18 sling bullets The wretched star pulses with an eldritch light!
A shadow comes into view.
A large abomination comes into view.
The wretched star pulses with an eldritch light!
The large abomination barely misses you.
The shadow slips into darkness.
The shadow flickers and vanishes!
The wretched star pulses with an eldritch light!
The shadow strikes at you from the darkness!
The wretched star pulses with an eldritch light!
Your body decomposes!
You feel clumsy.
The shadow slips into darkness.
The shadow flickers and vanishes!
A tentacled starspawn comes into view.
Tentacles burst from the starspawn's body!
The wretched star pulses with an eldritch light! 2 starspawn tentacles come into view.
The wretched star glows turbulently.
The orb of energy hits you!!
Ouch! That really hurt!
You die...

.#..# .##..#.#
.≈....# #≈≈≈≈.####
. ###≈≈≈≈≈≈..###..
##.#≈≈≈≈≈≈≈≈≈#.#
#.@..#.≈≈≈≈≈≈≈♣###
#.#...X#.#.≈≈≈≈≈≈≈#
##.#....#...#≈ ≈≈
#....#.#.*.##.##≈ ≈
#.#..##.# ##.#.#
##≈♣ #...#
....##... ...#.
#... ###...##.
*.##.# #X.# .##.
#.. .#.#. ...w #.
##.#### ##.


You could see a tentacled starspawn, a wretched star and a large abomination.

Vanquished Creatures (others)
  2 starspawn tentacles (Abyss:1)
2 creatures vanquished.

Notes
Turn   | Place    | Note
-------+----------+-------------------------------------------
     0 | Abyss:1  | glosham the Mummy Abyssal Knight began the quest for the
                  | Orb.
     0 | Abyss:1  | Reached XP level 1. HP: 18/18 MP: 2/2
    23 | Abyss:1  | Noticed a wretched star
    33 | Abyss:1  | Noticed a shadow
    36 | Abyss:1  | Noticed a large abomination
    60 | Abyss:1  | Noticed a tentacled starspawn
    62 | Abyss:1  | Killed from afar by a wretched star

Action                   || total
-------------------------++-------
Dodge: Dodged            ||     1

Table legend:
 A = Turns spent in this place as a percentage of turns spent in the entire game.
 B = Non-inter-level travel turns spent in this place as a percentage of non-inter-level travel turns spent in the entire game.
 C = Inter-level travel turns spent in this place as a percentage of turns spent in this place.
 D = Turns resting spent in this place as a percentage of non-inter-level travel turns spent in this place.
 E = Turns spent auto-exploring this place as a percentage of non-inter-level travel turns spent in this place.
 F = Non-inter-level travel turns spent in this place divided by the number of levels of this place that you've seen.
                   A       B       C       D       E      F
               +-------+-------+-------+-------+-------+----------------------
         Total | 100.0 | 100.0 |   0.0 |   0.0 |   0.0 |  62.0
         Abyss | 100.0 | 100.0 |   0.0 |   0.0 |   0.0 |  62.0
               +-------+-------+-------+-------+-------+----------------------

Levels and vault maps discovered:
Abyss:1
